 Dungeon Crawl Stone Soup version 0.27.1-3-gb3d3a73c9e (webtiles) character file.

Game seed: 9282347947815825151

3056 raph the Impaler (level 9, -6/61 HPs)
             Began as a Merfolk Gladiator on Oct 9, 2021.
             Was a Believer of Makhleb.
             Mangled by a two-headed ogre (32 damage)
             ... on level 8 of the Dungeon.
             The game lasted 00:13:39 (8227 turns).

raph the Impaler (Merfolk Gladiator)                Turns: 8227, Time: 00:13:40

Health: -6/61      AC: 10    Str: 24    XL:     9   Next: 87%
Magic:  9/9        EV: 15    Int:  7    God:    Makhleb [**....]
Gold:   354        SH:  0    Dex: 28    Spells: 8/8 levels left

rFire    . . .     SeeInvis .   a - +8 glaive of Peace {drain, Str+10 Dex+3}
rCold    . . .     Faith    .   (shield currently unavailable)
rNeg     + . .     Spirit   .   u - +1 leather armour {rPois}
rPois    +         Reflect  .   n - +2 helmet
rElec    .         Harm     .   (no cloak)
rCorr    .         Rampage  .   e - +2 pair of gloves
Will     .....                  (no boots)
Stlth    ++........             (no amulet)
HPRegen  0.20/turn              g - +6 ring of dexterity
MPRegen  0.11/turn              k - ring of positive energy

@: no status effects
A: (nimble swimmer 2), mertail
a: Renounce Religion, Minor Destruction


You were on level 8 of the Dungeon.
You worshipped Makhleb.
Makhleb was pleased with you.
You visited 2 branches of the dungeon, and saw 10 of its levels.

You collected 354 gold pieces.

Inventory:

Hand Weapons
 a - the +8 glaive of Peace (weapon) {drain, Str+10 Dex+3}
   (You acquired it on level 3 of the Dungeon)

   A truly terrible weapon, it drains the life of any living foe it strikes.
   Str:       It affects your strength (+10).
   Dex:       It affects your dexterity (+3).
 b - a +1 trident of flaming
 r - a +2 antimagic spear
 B - a +4 halberd
Missiles
 d - 3 throwing nets
 f - 63 poisoned darts (quivered)
 y - 8 boomerangs of dispersal
 A - 4 boomerangs
Armour
 e - a +2 pair of gloves (worn)
 n - a +2 helmet (worn)
 p - a +0 leather armour of willpower
 u - a +1 leather armour of poison resistance (worn)
Jewellery
 g - a +6 ring of dexterity (left hand)
 i - a +6 ring of intelligence
 k - a ring of positive energy (right hand)
 v - a +6 ring of intelligence
Wands
 s - a wand of paralysis (5)
 C - a wand of mindburst (13)
Scrolls
 h - 2 scrolls of magic mapping
 l - 3 scrolls of teleportation
 t - 2 scrolls of fear
 x - a scroll of identify
Potions
 c - a potion of curing
 j - a potion of heal wounds
 m - a potion of brilliance {unknown}
 o - a potion of resistance
 q - 2 potions of cancellation
 w - 2 potions of magic {unknown}
 z - a potion of haste
 D - a potion of berserk rage


   Skills:
 - Level 2.1 Fighting
 + Level 17.8 Polearms
 - Level 2.0 Throwing
 - Level 4.0 Dodging


You had 8 spell levels left.
You didn't know any spells.
Your spell library was empty.

Dungeon Overview and Level Annotations

Branches:
Dungeon (9/15)             Temple (1/1) D:4            Lair (0/6) D:9
    Orc: D:9-12

Altars:
Ashenzari
Cheibriados
Dithmenos
Elyvilon
Fedhas
Gozag
Hepliaklqana
Kikubaaqudgha
Makhleb
Nemelex Xobeh
Okawaru
Qazlal
Ru
Sif Muna
Trog
Uskayaw
Vehumet
Wu Jian
Xom
Yredelemnul
Zin
The Shining One

Annotations:
D:6 exclusion: statue
D:9 Prince Ribbit


Innate Abilities, Weirdness & Mutations

((You are quick and stealthy near water. (Stealth+, EV+, Speed+++)))
Your lower body shifts to a powerful aquatic tail in water.


Message History

The orc misses you.
You completely miss the orc.
The orc is moderately wounded.
The orc hits you but does no damage.
You slice the orc!!
You kill the orc!
Makhleb accepts your kill.
You slash the orc!
You kill the orc!
Makhleb accepts your kill.
You feel better.
No target in view!
No target in view!
No target in view!
No target in view!
No target in view!
You start resting.
HP restored.
Items here: )) [ ††.
There is a stone staircase leading down here.
You climb downwards.
Level annotation: Prince Ribbit The two-headed ogre shouts in stereo!
The orc priest shouts!
The two-headed ogre misses you.
The two-headed ogre hits you with a +0 giant club!
There is a stone staircase leading up, spattered with blood here.
The two-headed ogre hits you with a +0 giant spiked club!!
* * * LOW HITPOINT WARNING * * *
The two-headed ogre barely misses you.
You climb upwards.
There is a stone staircase leading down here.
You slice the two-headed ogre!!
The two-headed ogre is heavily wounded.
The two-headed ogre closely misses you.
The two-headed ogre hits you with a +0 giant club!
* * * LOW HITPOINT WARNING * * *
You feel much better.
The two-headed ogre hits you with a +0 giant spiked club!!
Ouch! That really hurt!
You die...

##### ### ##...# #######
#.###.######≈≈≈♣.♣#
#.##.## #≈≈≈♣...♣ ##.[##
#≈≈≈8._.. ##[##
###≈≈≈♣...♣ #O@#
#.##≈≈≈♣.♣# #.>###
##.#########
#....###..###...# #
#..[............# #
#..##...#####...# #
#.####...# ###.###
##.####...#####.....
#...[###...#........
#####.....(......###....


You could see a two-headed ogre.

Vanquished Creatures
  A centaur zombie (D:8)
  Grinder (D:3)
  2 wargs (D:8)
  A water moccasin (D:7)
  An orc warrior (D:8)
  An ice beast (D:7)
  A sky beast (D:7)
  A necrophage (D:7)
  An ogre (D:6)
  A centaur (D:5)
  2 kobold brigands (D:7)
  A phantom (D:5)
  A bullfrog (D:8)
  A scorpion (D:4)
  A water moccasin skeleton (D:6)
  5 killer bees (D:7)
  3 howler monkeys
  5 wights (D:8)
  2 hounds
  4 orc priests
  2 jellies
  A bullfrog skeleton (D:6)
  A gnoll shaman (D:8)
  An iguana (D:4)
  Jessica (D:3)
  5 orc wizards
  A howler monkey zombie (D:5)
  Robin (D:3)
  7 gnolls
  4 adders
  A white imp (D:6)
  2 worms
  2 dart slugs
  23 orcs
  3 endoplasms
  6 giant cockroaches
  14 goblins
  8 hobgoblins
  16 kobolds
  4 quokkas
  8 ball pythons
  6 bats
  3 frilled lizards (D:1)
  3 rats
159 creatures vanquished.

Notes
Turn   | Place    | Note
-------+----------+-------------------------------------------
     0 | D:1      | raph the Merfolk Gladiator began the quest for the Orb.
     0 | D:1      | Reached XP level 1. HP: 16/16 MP: 1/1
   117 | D:1      | Reached skill level 5 in Polearms
   122 | D:1      | Reached XP level 2. HP: 20/22 MP: 2/2
   707 | D:1      | Reached skill level 6 in Polearms
   707 | D:1      | Reached XP level 3. HP: 27/27 MP: 3/3
  1553 | D:3      | Identified a scroll of acquirement
  1553 | D:3      | Acquired the +8 glaive of Peace {drain, Str+10 Dex+3}
  1639 | D:3      | Reached XP level 4. HP: 33/33 MP: 4/4
  1641 | D:3      | Reached skill level 7 in Polearms
  1708 | D:3      | Noticed Robin
  1724 | D:3      | Killed Robin
  2459 | D:3      | Found a faded altar of an unknown god.
  2602 | D:3      | Noticed Jessica
  2606 | D:3      | Killed Jessica
  2607 | D:3      | Reached skill level 8 in Polearms
  2607 | D:3      | Reached XP level 5. HP: 38/38 MP: 5/5
  2737 | D:3      | Noticed Grinder
  2742 | D:3      | Paralysed by Grinder for 3 turns
  2748 | D:3      | Killed Grinder
  2749 | D:3      | Reached skill level 10 in Polearms
  2749 | D:3      | Reached XP level 6. HP: 27/44 MP: 6/6
  3438 | D:4      | Reached XP level 7. HP: 50/50 MP: 7/7
  3586 | D:4      | Found a staircase to the Ecumenical Temple.
  3590 | Temple   | Entered the Ecumenical Temple
  4075 | Temple   | Became a worshipper of Makhleb the Destroyer
  4176 | D:5      | Entered Level 5 of the Dungeon
  4215 | D:5      | Reached skill level 11 in Polearms
  4644 | D:5      | Found a bloodstained altar of Trog.
  4698 | D:5      | Reached skill level 12 in Polearms
  4747 | D:5      | Found a shimmering blue altar of Sif Muna.
  5249 | D:6      | Reached XP level 8. HP: 56/56 MP: 8/8
  5482 | D:6      | Found a snail-covered altar of Cheibriados.
  5533 | D:6      | Found a radiant altar of Vehumet.
  5602 | D:6      | Reached skill level 13 in Polearms
  5800 | D:6      | Found an opulent altar of Gozag.
  5889 | D:7      | Reached skill level 14 in Polearms
  6085 | D:7      | Reached * piety under Makhleb
  6139 | D:7      | Reached skill level 15 in Polearms
  6152 | D:7      | Reached XP level 9. HP: 61/61 MP: 9/9
  6543 | D:7      | Found a glowing golden altar of the Shining One.
  6617 | D:8      | Reached skill level 16 in Polearms
  6853 | D:8      | Found a hazy altar of Hepliaklqana.
  7392 | D:8      | Found a basalt altar of Yredelemnul.
  7606 | D:8      | Reached ** piety under Makhleb
  7608 | D:8      | Reached skill level 17 in Polearms
  7960 | D:9      | Noticed Prince Ribbit
  7960 | D:9      | Noticed a two-headed ogre
  8031 | D:9      | Found a staircase to the Lair.
  8227 | D:8      | Mangled by a two-headed ogre

Illustrated notes

Levels and vault maps discovered:
D:1:      nzn_arrival_crosshair, layout_loops_ring, st_stairs_13
D:2:      layout_loops_ring, corexii_item_surrounded_by_moat,
          grunt_ministairs_13
D:3:      layout_basic, shapermc_ecumenical_altar_gd, kennysheep_jessica_study,
          uniq_grinder, uniq_robin
D:4:      layout_cave_pools, temple_hall_moat
D:5:      layout_loops_ring, lemuel_crystal_altar, tgw_sif
D:6:      layout_gridville, lemuel_tele_altar, vehumet_statue,
          cheibrodos_worm_habitat
D:7:      layout_basic, tso_oasis_becter
D:8:      layout_layer_cave, worldfamousw_hep_ancestral_shrine,
          mainiacjoe_overflow_surrounded_room, nicolae_sextant
D:9:      layout_basic, erik_lair_orcish_takeover, special_room
          [special_room_orc], uniq_prince_ribbit1
Temple:   eino_temple_water

Skill      XL: |  1  2  3  4  5  6  7  8  9 |
---------------+----------------------------+-----
Polearms       | 5 6 8 10 12 15 17 | 17.8
Fighting       | |  2.1
Throwing       | |  2.0
Dodging        | |  4.0

Action                   |  1- 3 |  4- 6 |  7- 9 || total
-------------------------+-------+-------+-------++-------
Melee: Trident           |   113 |       |       ||   113
       Glaive            |     2 |    68 |   155 ||   225
       Tailslap          |       |       |     1 ||     1
Throw: Dart              |     5 |    10 |    25 ||    40
       Throwing net      |       |     1 |       ||     1
  Use: Scroll            |     1 |    11 |     6 ||    18
       Potion            |       |       |     4 ||     4
 Stab: Sleeping          |       |     1 |     3 ||     4
       Distracted        |       |     1 |     1 ||     2
Armor: Leather armour    |    30 |    16 |    38 ||    84
Dodge: Dodged            |    58 |    32 |    81 ||   171
